 Dungeon Crawl Stone Soup version 0.23-a0-167-gf92cf62f8f (webtiles) character file.

45 PikkenKukken the Skirmisher (level 3, -1/20 HPs)
             Began as a Vine Stalker Fighter on Sept 11, 2018.
             Succumbed to Robin's poison
             ... on level 2 of the Dungeon.
             The game lasted 00:01:29 (1215 turns).

PikkenKukken the Skirmisher (Vine Stalker Fighter)  Turns: 1215, Time: 00:01:30

Health: -1/20      AC:  8    Str: 15 (18) XL:     3   Next: 64%
Magic:  3/4        EV:  6    Int:  7 (8)  God:
Gold:   44         SH:  8    Dex: 11 (14) Spells: 2/2 levels left

rFire    . . .     SeeInvis .   g - +0 dagger (curse)
rCold    . . .     Gourm    .   c - +0 shield
rNeg     . . .     Faith    .   b - +0 scale mail
rPois    .         Spirit   +   (no helmet)
rElec    .         Reflect  .   (no cloak)
rCorr    .         Harm     .   e - +1 pair of gloves
MR       .....                  (no boots)
Stlth    ..........             (no amulet)
HPRegen  0.06/turn              (no ring)
MPRegen  0.09/turn              (no ring)

@: lethally poisoned (-1 -> -33)
A: fangs 2, magic shield, antimagic bite, no potion heal 3, rot immunity
a: no special abilities


You were on level 2 of the Dungeon.
You were very hungry.

You visited 1 branch of the dungeon, and saw 2 of its levels.

You collected 44 gold pieces.

Inventory:

Hand Weapons
 a - a +0 rapier
 g - a cursed +0 dagger (weapon)
Armour
 b - a +0 scale mail (worn)
 c - a +0 shield (worn)
 e - a +1 pair of gloves (worn)
Scrolls
 i - 2 scrolls of teleportation
Potions
 d - a potion of might
 h - a potion of lignification {unknown}
Comestibles
 f - 2 rations


   Skills:
 + Level 3.0 Fighting
 * Level 2.6 Short Blades
 + Level 2.7 Armour
 + Level 3.0 Shields


You had 2 spell levels left.
You didn't know any spells.
Your spell library was empty.

Dungeon Overview and Level Annotations

Branches:
Dungeon (2/15)

Altars:

Annotations:
D:2 Robin


Innate Abilities, Weirdness & Mutations

You have extremely sharp teeth.
When hurt, damage is shared between your health and your magic reserves.
Your bite disrupts and absorbs the magic of your enemies.
Potions cannot restore your health.
You are immune to rotting.


Message History

You are too injured to fight recklessly!
You closely miss Robin. Your bite misses Robin.
Robin is lightly wounded.
You feel sick. Robin hits you but does no damage.
You block the goblin's attack.
Your shield and scale mail prevent you from hitting Robin.
Robin is lightly wounded.
* * * LOW HITPOINT WARNING * * *
You feel sick. Robin hits you with a whip of venom.
* * * LOW HITPOINT WARNING * * *
You are more poisoned.
You block the goblin's attack.
You hit Robin. Your bite misses Robin.
Robin is lightly wounded.
* * * LOW HITPOINT WARNING * * *
You feel sick. You block Robin's attack. The goblin barely misses you.
You hit Robin but do no damage. You bite Robin. You drain her power.
You feel invigorated.
Robin is moderately wounded.
You die...

#. #. ... .# #.#
.. .##.# .w .#.##
g ##...###### #g
##.........##
#S###............
#g#.....<...#
#@.........#
..####g........#
#..............#
.....≈≈.#$....#.#
..%.≈≈..#....##.#
.#.%.≈≈.#.#### #
#..≈≈.....
...≈≈.%..##
........#


You could see a worm, Robin, 2 hobgoblins, a goblin and a ball python.

Vanquished Creatures
  An ooze (D:1)
  2 dart slugs (D:1)
  2 bats (D:1)
  A giant cockroach (D:1)
  8 hobgoblins
  3 jackals (D:1)
  4 kobolds (D:1)
  A ball python (D:1)
  2 frilled lizards (D:1)
  8 goblins
32 creatures vanquished.

Notes
Turn   | Place    | Note
-------+----------+-------------------------------------------
     0 | D:1      | PikkenKukken the Vine Stalker Fighter began the quest for
                  | the Orb.
     0 | D:1      | Reached XP level 1. HP: 11/11 MP: 2/2
   141 | D:1      | Reached XP level 2. HP: 14/16 MP: 3/3
   483 | D:1      | Reached XP level 3. HP: 18/19 MP: 4/4
  1191 | D:2      | Noticed Robin
  1214 | D:2      | HP: 1/20 [poisoned by Robin]
  1215 | D:2      | Succumbed to Robin's poison

Vault maps used:
D:1:      evilmike_arrival_hilbert_curve
D:2:      minivault_23, dk_vineyard_3, nicolae_gozag_seed_capital,
          uniq_crazy_yiuf_cottage, uniq_robin

Skill      XL: |  1  2  3 |
---------------+----------+-----
Short Blades   | 2 |  2.6
Fighting       | 3 |  3.0
Shields        | 3 |  3.0
Armour         | |  2.7

Action                   || total
-------------------------++-------
Melee: Dagger            ||   155
       Bite              ||    37
       Rapier            ||     1
  Use: Scroll            ||     2
       Potion            ||     2
Armor: Scale mail        ||    52
Dodge: Dodged            ||    27
Block: Shield            ||    60

Table legend:
 A = Non-vault XP
 B = Vault XP
 C = Vault XP percentage of total XP
 D = Non-vault monster count
 E = Vault monster count
 F = Vault count percentage of total count
                 A         B        C        D         E       F
            +---------+---------+-------+---------+---------+-------
      Total |      58 |       7 |  10.8 |      28 |       4 |  12.5
            +---------+---------+-------+---------+---------+-------
        D:1 |      58 |       0 |   0.0 |      28 |       0 |   0.0
        D:2 |       0 |       7 | 100.0 |       0 |       4 | 100.0
            +---------+---------+-------+---------+---------+-------
